 Dungeon Crawl Stone Soup version 0.30.1-3-gfc49f6343a (webtiles) character file.

Game seed: 11639589502092741477

7156 cowcol the Protected (level 10, 0/135 HPs)
             Began as a Minotaur Fighter on Aug 4, 2023.
             Succumbed to Harold's poison
             ... on level 9 of the Dungeon on Aug 5, 2023.
             The game lasted 00:33:27 (11732 turns).

cowcol the Protected (Minotaur Fighter)            Turns: 11732, Time: 00:33:28

Health: 0/135      AC: 25    Str: 23    XL:     10   Next: 86%
Magic:  9/9        EV:  2    Int:  5    God:
Gold:   414        SH:  0    Dex: 12    Spells: 9/9 levels left

rFire   . . .        B - +6 battleaxe (chaos)
rCold   . . .        (shield currently unavailable)
rNeg    . . .        y - melded +0 plate armour
rPois   +            (helmet currently unavailable)
rElec   .            (cloak currently unavailable)
rCorr   .            (gloves currently unavailable)
SInv    .            u - melded +0 pair of boots
Will    .....        l - amulet of the acrobat
Stlth   +            (no ring)
HPRegen 0.42/turn    (no ring)
MPRegen 0.11/turn

%: acrobat
@: lethally poisoned (0 -> -8), tree-form
A: stationary, stasis, torment immunity, boosted hp, (horns 2), (retaliatory
headbutt)
a: no special abilities


You were on level 9 of the Dungeon.
You were a tree.
You visited 2 branches of the dungeon, and saw 10 of its levels.
You also visited: Bailey.

You collected 414 gold pieces.

Inventory:

Hand Weapons
 a - a +0 war axe
 B - a +6 battleaxe of chaos (weapon)
 E - a +1 scimitar of flaming
Missiles
 b - 5 curare-tipped darts
 g - 5 boomerangs (quivered)
 s - 12 poisoned darts
Armour
 c - a +0 buckler
 m - a +0 chain mail
 u - a +0 pair of boots (melded)
 y - a +0 plate armour (melded)
Jewellery
 f - a ring of wizardry
 h - a ring of protection from cold
 l - an amulet of the acrobat (around neck)
Wands
 t - a wand of paralysis (7)
 w - a wand of digging (3)
 C - a wand of flame (41)
 G - a wand of roots (15)
Scrolls
 i - a scroll of summoning
 j - 2 scrolls of immolation
 k - 4 scrolls of fear
 q - 7 scrolls of teleportation
 r - a scroll of blinking
 v - a scroll of torment
 z - 2 scrolls of poison
 A - a scroll of identify
Potions
 d - 2 potions of brilliance {unknown}
 n - 2 potions of lignification
 o - 5 potions of flight
 p - 2 potions of mutation {unknown}
 x - 3 potions of heal wounds {unknown}
 D - 4 potions of cancellation
 H - a potion of might
 I - 3 potions of invisibility {unknown}
 J - 2 potions of magic {unknown}


   Skills:
 + Level 8.7 Fighting
 + Level 12.9 Axes
 - Level 1.0 Throwing
 + Level 13.4 Armour
 - Level 3.6 Shields
 - Level 0.1 Evocations


You had 9 spell levels left.
You didn't know any spells.
Your spell library contained the following spells:

 Spells                   Type           Power      Damage    Failure   Level
 Magic Dart               Conj           0%         1d3       47%         1
 Slow                     Hex            0%         N/A       47%         1
 Call Imp                 Summ           0%         N/A       63%         2
 Call Canine Familiar     Summ           0%         N/A       85%         3
 Confusing Touch          Hex            0%         N/A       85%         3
 Mephitic Cloud           Conj/Pois/Air  0%         N/A       85%         3
 Portal Projectile        Hex/Tloc       0%         N/A       85%         3
 Vampiric Draining        Necr           0%         2d6       85%         3
 Leda's Liquefaction      Hex/Erth       0%         N/A       99%         4


Dungeon Overview and Level Annotations

Branches:
Dungeon (9/15)             Temple (1/1) D:5          Bailey (visited)
   Lair: D:8-11         Orc: D:9-12

Altars:
Ashenzari
Dithmenos
Elyvilon
Fedhas
Gozag
Hepliaklqana
Kikubaaqudgha
Makhleb
Nemelex Xobeh
Qazlal
Ru
Sif Muna
Trog
Vehumet
Wu Jian
Xom
Yredelemnul
The Shining One

Shops:
D:4 ?

Annotations:
D:3 3 runed translucent doors, Zeor's ghost, amateur NaHs
D:9 Harold


Innate Abilities, Weirdness & Mutations

You are a tree.
Your roots penetrate the ground, keeping you stationary.
You cannot be teleported.
You are immune to unholy pain and torment.
Your maximum health is greatly increased.
Your equipment is partially melded.
((You have a pair of horns on your head.))
((You reflexively headbutt those who attack you in melee.))


Message History

You feel very sick.
Harold hits you from afar with a +2 trident of venom!
You shred the net and break free!
You feel very sick.
Harold hits you from afar with a +2 trident of venom!
You are lethally poisoned!
* * * LOW HITPOINT WARNING * * *
You feel extremely sick. Harold closely misses you.
You hit Harold. You drain Harold. Your headbutt misses Harold.
Harold is lightly wounded.
* * * LOW HITPOINT WARNING * * *
You feel very sick.
Harold hits you with a +2 trident of venom.
* * * LOW HITPOINT WARNING * * *
You are more poisoned.
You feel better.
Harold hits you with a +2 trident of venom!
* * * LOW HITPOINT WARNING * * *
You barely miss Harold. You headbutt Harold.
Harold is lightly wounded.
Harold hits you with a +2 trident of venom.
* * * LOW HITPOINT WARNING * * *
You are lethally poisoned!
It was a potion of cancellation.
You feel magically purged.
* * * LOW HITPOINT WARNING * * *
You feel very sick. Harold completely misses you. You furiously retaliate!
You headbutt Harold, but do no damage.
It was a potion of lignification.
You turn into a tree.
Your +0 pair of boots melds into your body.
Your +0 plate armour melds into your body.
Your roots penetrate the ground.
* * * LOW HITPOINT WARNING * * *
You feel very sick.
Harold hits you with a +2 trident of venom.
* * * LOW HITPOINT WARNING * * *
You hit Harold.
Harold is moderately wounded.
You die...

#...#
####...###############
...........†.........#
##.......†##########.#
##.......###########.#
.....................#
#...........###.####.#
##.....###..# #.####.#
##.#..# #..# #<♣@(..#
...#..# #..# #####(.#
#.###..# #..# #!.# #.
#..# #... #..# # #..#
...>. ...# #.### #.@..
#..... ...... ......#


You could see Harold (drained).

Vanquished Creatures
  Erica (D:8)
  A two-headed ogre (D:8)
  Pikel (D:5)
  An orc knight (Bailey)
  Joseph (D:8)
  Maggie (D:8)
  Psyche (D:8)
  Prince Ribbit (D:8)
  A shadow (D:9)
  3 yaks (D:9)
  Grum (D:8)
  Edmund (D:5)
  2 ice beasts
  A black bear (D:5)
  2 orc warriors
  3 wolves (D:8)
  A centaur (D:5)
  2 lemures (D:5)
  2 phantoms
  A kobold brigand (D:7)
  A scorpion (D:6)
  A gnoll sergeant (D:7)
  9 wights (D:7)
  9 killer bees
  A howler monkey (D:6)
  3 jellies
  5 orc priests
  2 hounds
  Jessica (D:2)
  Terence (D:2)
  8 iguanas
  6 orc wizards
  3 sleepcaps
  9 adders
  26 gnolls
  2 white imps
  3 worms
  4 dart slugs
  50 orcs
  5 endoplasms
  3 giant cockroaches
  11 goblins
  4 hobgoblins
  9 jackals
  6 quokkas
  4 ball pythons
  5 bats
  3 frilled lizards
  11 kobolds
  4 rats
237 creatures vanquished.

Notes
Turn   | Place    | Note
-------+----------+-------------------------------------------
     0 | D:1      | cowcol the Minotaur Fighter began the quest for the Orb.
     0 | D:1      | Reached XP level 1. HP: 19/19 MP: 0/0
    75 | D:1      | Reached skill level 4 in Armour
   344 | D:1      | Reached XP level 2. HP: 27/27 MP: 1/1
   913 | D:2      | Reached XP level 3. HP: 32/33 MP: 2/2
   998 | D:2      | Noticed Jessica
  1007 | D:2      | Killed Jessica
  1008 | D:2      | Reached skill level 5 in Armour
  1008 | D:2      | Reached XP level 4. HP: 38/41 MP: 3/3
  1079 | D:2      | Found a faded altar of an unknown god.
  1097 | D:2      | Noticed Terence
  1106 | D:2      | Killed Terence
  1307 | D:2      | Reached XP level 5. HP: 27/47 MP: 4/4
  1839 | D:2      | Reached skill level 6 in Armour
  2201 | D:3      | Found a runed translucent gate.
  2201 | D:3      | Found a runed translucent gate.
  2201 | D:3      | Found a runed translucent gate.
  2207 | D:3      | Noticed Zeor's ghost (amateur NaHs)
  3115 | D:4      | Reached XP level 6. HP: 42/53 MP: 5/5
  3117 | D:4      | Identified the +4 long sword of Imminent Death {heavy, rF-
                  | rC+ Str+6 Int-3}
  3200 | D:4      | Reached skill level 5 in Axes
  3475 | D:4      | Found Uhelafio's Magic Scroll Shoppe.
  3577 | D:4      | Reached skill level 1 in Throwing
  3682 | D:4      | Found a shimmering altar of Xom.
  3683 | D:4      | Found a broken altar of Ashenzari.
  3684 | D:4      | Found an ancient bone altar of Kikubaaqudgha.
  3685 | D:4      | Found an ornate altar of the Wu Jian Council.
  3819 | D:5      | Entered Level 5 of the Dungeon
  3928 | D:5      | Reached skill level 5 in Fighting
  3928 | D:5      | Reached skill level 7 in Armour
  4081 | D:5      | Reached XP level 7. HP: 49/61 MP: 6/6
  4781 | D:5      | Noticed Pikel
  4794 | D:5      | Noticed Edmund
  4797 | D:5      | Killed Pikel
  4798 | D:5      | Reached skill level 8 in Armour
  4798 | D:5      | Reached XP level 8. HP: 64/69 MP: 7/7
  4806 | D:5      | Killed Edmund
  5128 | D:5      | Reached skill level 9 in Armour
  5180 | D:5      | Found a bloodstained altar of Trog.
  5359 | D:5      | Found a staircase to the Ecumenical Temple.
  5366 | Temple   | Entered the Ecumenical Temple
  5794 | D:5      | Reached skill level 10 in Armour
  6341 | D:6      | Reached XP level 9. HP: 76/78 MP: 8/8
  6624 | D:6      | Found a shadowy altar of Dithmenos.
  7227 | D:7      | Reached skill level 11 in Armour
  7722 | D:7      | Reached skill level 10 in Axes
  8535 | D:8      | Noticed Psyche
  8551 | D:8      | Killed Psyche
  8658 | D:8      | Noticed Grum
  8673 | D:8      | Killed Grum
  8674 | D:8      | Reached skill level 12 in Armour
  8890 | D:8      | Found a flagged portal.
  8899 | Bailey   | Entered a bailey
  9426 | Bailey   | Noticed an orc knight
  9435 | Bailey   | Killed an orc knight
  9436 | Bailey   | Reached XP level 10. HP: 8/87 MP: 9/9
 10264 | D:8      | Noticed Joseph
 10293 | D:8      | Killed Joseph
 10558 | D:8      | Noticed a two-headed ogre
 10561 | D:8      | Killed a two-headed ogre
 10658 | D:8      | Noticed Prince Ribbit
 10670 | D:8      | Killed Prince Ribbit
 10776 | D:8      | Noticed Maggie
 10785 | D:8      | Killed Maggie
 10985 | D:8      | Reached skill level 13 in Armour
 11078 | D:8      | Noticed Erica
 11087 | D:8      | Killed Erica
 11712 | D:9      | Noticed Harold
 11731 | D:9      | HP: 2/135 [Harold/+2 trident of venom (6)]
 11732 | D:9      | Succumbed to Harold's poison

Illustrated notes

Levels and vault maps discovered:
D:1:      psy_arrival_conway, layout_basic
D:2:      layout_basic, hellmonk_ecumenical_altar_heavens_door,
          nicolae_grassy_gnolls, uniq_terence, uniq_jessica
D:3:      layout_basic, gammafunk_ghost_necromancy, serial_bayou,
          serial_bayou_shore_b, serial_bayou_pond_d, serial_bayou_shore_a,
          serial_bayou_pond_b, serial_bayou_pond_d, serial_bayou_crossing
D:4:      layout_basic, mainiacjoe_overflow_alcove_3, serial_shops, shop
D:5:      layout_loops_corners, temple_fountains, minmay_ruined_shrine,
          uniq_edmund, uniq_pikel
D:6:      layout_gridville, mainiacjoe_overflow_cross_hatched,
          chequers_hall_statues_wall_a
D:7:      layout_basic, chequers_serial_rivers_room_b
D:8:      layout_basic, enter_bailey_3, uniq_maggie, uniq_grum, uniq_erica,
          uniq_joseph, uniq_prince_ribbit1, uniq_psyche
D:9:      layout_loops_ring, okawaru_ov_weapons_minmay, cheibrodos_worm_habitat,
          nicolae_uskayaw_en_pointe, dpeg_lair_monsters, minivault_26,
          uniq_harold
Temple:   cyrus_circular_temple

Skill      XL: |  1  2  3  4  5  6  7  8  9 10 |
---------------+-------------------------------+-----
Armour         | 4 5 6 7 8 10 12 13 | 13.4
Fighting       | 4 5 6 7 8 |  8.7
Axes           | 3 4 5 7 8 11 12 | 12.9
Throwing       | 1 |  1.0
Shields        | |  3.6
Evocations     | |  0.1

Action                     |  1- 3 |  4- 6 |  7- 9 | 10-12 || total
---------------------------+-------+-------+-------+-------++-------
  Melee: War axe           |    47 |   163 |   186 |       ||   396
         Headbutt          |     7 |    26 |    42 |    16 ||    91
         Battleaxe         |       |       |    83 |    93 ||   176
         Unarmed           |       |       |     2 |       ||     2
  Throw: Boomerang         |     6 |    16 |    14 |     7 ||    43
  Evoke: Wand              |       |     1 |     1 |     3 ||     5
    Use: Potion            |     1 |     4 |     4 |     6 ||    15
         Scroll            |     1 |     4 |     5 |     4 ||    14
   Stab: Distracted        |       |       |     1 |       ||     1
 Armour: Scale mail        |    29 |    41 |       |       ||    70
         Chain mail        |       |    10 |    79 |       ||    89
         Plate armour      |       |       |   112 |    36 ||   148
         Skin              |       |       |     2 |       ||     2
  Dodge: Dodged            |    33 |    74 |   174 |    44 ||   325
  Block: Buckler           |     9 |    29 |    45 |       ||    83
